 Dungeon Crawl Stone Soup version 0.24-a0-445-gd5110b030a (webtiles) character file.

Game seed: 11352585276698067744

5171 HAL9000 the Transmogrifier (level 10, -15/90 HPs)
             Began as a Yellow Draconian Transmuter on June 22, 2019.
             Was an Initiate of Ru.
             Demolished by a large abomination (33 damage)
             ... on level 1 of the Abyss.
             The game lasted 00:17:13 (10030 turns).

HAL9000 the Transmogrifier (DrTm)                  Turns: 10030, Time: 00:17:13

Health: -15/90     AC: 13    Str: 14    XL:     10   Next: 34%
Magic:  6/13       EV: 12    Int: 18    God:    Ru [......]
Gold:   161        SH:  0    Dex: 13    Spells: 2/13 levels left

rFire    . . .     SeeInvis .     - Unarmed
rCold    . . .     Gourm    .   (shield currently unavailable)
rNeg     . . .     Faith    .   (armour unavailable)
rPois    .         Spirit   .   C - +1 hat
rElec    .         Reflect  .   A - +0 cloak
rCorr    +         Harm     .   (gloves currently unavailable)
MR       .....                  (no boots)
Stlth    +.........             (no amulet)
HPRegen  0.25/turn              h - +4 ring of intelligence
MPRegen  0.13/turn              E - +4 ring of protection

@: blade hands
A: spit acid, unfitting armour, cold-blooded, acid resistance, AC +7
a: Breathe Acid, End Transformation, Sacrifice Skill, Sacrifice an Eye,
Sacrifice Experience, Reject Sacrifices, Renounce Religion


You were on level 1 of the Abyss.
You worshipped Ru.
Ru was noncommittal.
You were not hungry.
You had blades for hands.
You visited 2 branches of the dungeon, and saw 10 of its levels.
You visited the Abyss 1 time.
You also visited: Bailey.

You collected 341 gold pieces.
You spent 180 gold pieces at shops.

Inventory:

Hand Weapons
 G - the cursed +1 arbalest "Killer Bee's Bane" {freeze, rF++, unknown}
   (You bought it in a shop on level 8 of the Dungeon)

   It causes projectiles fired from it to freeze those they strike, causing
   extra injury to most foes and up to half again as much damage against
   particularly susceptible opponents.
   They can also slow down cold-blooded creatures.
   It greatly protects you from fire.
   It has a curse placed upon it.
Missiles
 a - 24 arrows
 p - 2 javelins (quivered)
 u - a throwing net
 B - 14 boomerangs
Armour
 t - a +0 buckler
 A - a +0 cloak (worn)
 C - a +1 hat (worn)
Jewellery
 h - a +4 ring of intelligence (left scythe-like blade)
 E - a +4 ring of protection (right scythe-like blade)
Scrolls
 b - 2 scrolls of teleportation
 e - 2 scrolls of identify {unknown}
 f - 2 scrolls of fear {unknown}
 j - 3 scrolls of remove curse {unknown}
 l - a scroll of noise {unknown}
 o - 2 scrolls of blinking {unknown}
 q - 2 scrolls of magic mapping {unknown}
 s - a scroll of enchant armour {unknown}
 v - 2 scrolls of immolation
 y - a scroll of enchant weapon {unknown}
 z - a scroll of vulnerability {unknown}
 D - a scroll of random uselessness {unknown}
 F - a scroll of holy word {unknown}
Potions
 d - 6 potions of agility {unknown}
 g - 6 potions of curing
 i - 2 potions of ambrosia {unknown}
 k - a potion of invisibility {unknown}
 m - a potion of magic {unknown}
 n - 2 potions of berserk rage {unknown}
 r - a potion of brilliance {unknown}
 w - 2 potions of heal wounds {unknown}
 x - a potion of degeneration {unknown}
 I - a potion of flight {unknown}
 J - a potion of might {unknown}
Comestibles
 c - 14 rations


   Skills:
 * Level 8.4 Fighting
 - Level 1.7 Dodging
 + Level 9.0 Unarmed Combat
 - Level 2.0 Spellcasting
 - Level 10.5 Transmutations


You had 2 spell levels left.
You knew the following spells:

 Your Spells              Type           Power        Failure   Level  Hunger
a - Beastly Appendage     Tmut           #####.       10%         1    #......
b - Sticks to Snakes      Tmut           #####...     11%         2    ###....
c - Spider Form           Tmut/Pois      ###.......   36%         3    ###....
d - Blade Hands           Tmut           #####.....   38%         5    ######.

Your spell library contained the following spells:

 Spells                   Type           Power        Failure   Level  Hunger
 Animate Skeleton         Necr           N/A          61%         1    #......
 Apportation              Tloc           #.....       61%         1    #......
 Confusing Touch          Hex            #.....       61%         1    #......
 Summon Small Mammal      Summ           #...         61%         1    #......
 Ice Form                 Ice/Tmut       ###.....     63%         4    #####..
 Bolt of Magma            Conj/Fire/Erth #.........   100%        5    ######.
 Iskenderun's Battlesphe  Conj/Chrm      #.......     100%        5    ######.
 Venom Bolt               Conj/Pois      #.........   100%        5    ######.
 Iron Shot                Conj/Erth      #.........   100%        6    #######
 Orb of Destruction       Conj           #.........   100%        7    #######
 Spellforged Servitor     Conj/Summ      #.........   100%        7    #######


Dungeon Overview and Level Annotations

Branches:
Dungeon (9/15)             Temple (1/1) D:7
   Lair: D:8-11         Orc: D:9-12

Altars:
Ashenzari
Cheibriados
Dithmenos
Elyvilon
Fedhas
Gozag
Hepliaklqana
Kikubaaqudgha
Makhleb
Nemelex Xobeh
Okawaru
Ru
Sif Muna
Trog
Uskayaw
Vehumet
Wu Jian
Xom
Yredelemnul
Zin
The Shining One

Shops:
D:6 :   D:8 (


Innate Abilities, Weirdness & Mutations

You can spit globs of acid.
Your golden yellow scales are hard. (AC +7)
You cannot fit into any form of body armour.
You are cold-blooded and may be slowed by cold attacks.
You are resistant to acid. (rCorr)


Message History

The large abomination hits you!
You hit the large abomination but do no damage.
The large abomination is lightly damaged.
Your adder barely misses the large abomination.
The large abomination hits you!!
* * * LOW HITPOINT WARNING * * *
You hear a roar!
Unknown command.
You hit the large abomination.
Your slash misses the large abomination.
The large abomination is lightly damaged.
A thrashing horror comes into view.
Your adder bites the large abomination but does no damage.
The large abomination barely misses you.
You slash the large abomination!
The large abomination is lightly damaged.
Your adder closely misses the large abomination.
You feel yourself growing ill in the presence of the ancient zyme.
The large abomination hits you!!
You die...

#.#.# .#. # #
##..##..X#
ยง.#
#.#####...#.
. #
....##..#.# #
##
####...##.# .
. ..
.#...#.#.#. .
.x #....
.Sx..# ## #
#..####X##..#
. #@# ##.#
#..#.# .#
#.X#### . #..
#.. #.. .# ##


You could see an ancient zyme, a thrashing horror, a large abomination and a
friendly adder.

Vanquished Creatures
  A hippogriff (D:8)
  2 flying skulls (Abyss:1)
  A hungry ghost (D:8)
  Eustachio (D:5)
  A wyvern (D:9)
  Menkaure (D:5)
  2 orc warriors (D:6)
  2 ice beasts
  2 sky beasts
  A necrophage (D:6)
  2 black bears
  3 ogres
  3 centaurs
  7 bullfrogs
  3 scorpions (D:4)
  3 howler monkeys
  8 wights
  2 crimson imps (D:6)
  A centaur zombie (D:7)
  A bullfrog zombie (D:7)
  3 quasits
  3 hounds
  2 orc priests
  A jelly (D:6)
  Crazy Yiuf (D:5)
  3 iguanas
  6 orc wizards
  A centaur skeleton (D:5)
  5 worker ants
  A hound skeleton (D:4)
  A howler monkey zombie (D:8)
  A worker ant zombie (D:7)
  9 adders
  3 gnolls (D:2)
  A howler monkey skeleton (D:4)
  A shadow imp (D:5)
  An ooze (D:1)
  2 worms
  3 dart slugs
  2 leopard geckos (D:1)
  19 orcs
  7 bats
  6 giant cockroaches
  7 goblins
  4 hobgoblins
  19 jackals
  6 kobolds
  3 quokkas
  5 ball pythons
  6 frilled lizards
  A leopard gecko skeleton (D:5)
  A leopard gecko zombie (D:5)
  A quokka skeleton (D:7)
  4 rats (D:2)
186 creatures vanquished.

Vanquished Creatures (collateral kills)
  2 two-headed ogres (D:8)
  An orc warrior (D:6)
  A hound (D:8)
  A worker ant (D:4)
  A gnoll (D:2)
  An adder (D:3)
  5 orcs (D:6)
12 creatures vanquished.

Vanquished Creatures (others)
  A small abomination (Abyss:1)
1 creature vanquished.

Grand Total: 199 creatures vanquished

Notes
Turn   | Place    | Note
-------+----------+-------------------------------------------
     0 | D:1      | HAL9000 the Draconian Transmuter began the quest for the
                  | Orb.
     0 | D:1      | Reached XP level 1. HP: 16/16 MP: 3/3
    78 | D:1      | Reached XP level 2. HP: 21/23 MP: 5/5
   393 | D:1      | Reached XP level 3. HP: 22/28 MP: 4/6
   897 | D:2      | Learned a level 2 spell: Sticks to Snakes
   901 | D:2      | Learned a level 3 spell: Spider Form
  1059 | D:2      | Reached skill level 5 in Unarmed Combat
  1059 | D:2      | Reached XP level 4. HP: 14/35 MP: 4/7
  2118 | D:2      | Reached XP level 5. HP: 36/40 MP: 5/8
  2285 | D:3      | Reached skill level 3 in Transmutations
  3029 | D:4      | Reached skill level 4 in Transmutations
  3219 | D:4      | Reached XP level 6. HP: 43/47 MP: 5/9
  3550 | D:4      | Reached skill level 5 in Transmutations
  3786 | D:4      | Found an iron altar of Okawaru.
  3948 | D:4      | Found an iron altar of Okawaru.
  3948 | D:4      | Found an opulent altar of Gozag.
  4286 | D:5      | Entered Level 5 of the Dungeon
  4390 | D:5      | Noticed a sky beast
  4404 | D:5      | Killed a sky beast
  4404 | D:5      | Reached skill level 6 in Transmutations
  4431 | D:5      | Noticed Eustachio
  4445 | D:5      | Killed Eustachio
  4445 | D:5      | Your scales start taking on a golden yellow colour.
  4445 | D:5      | Reached XP level 7. HP: 39/52 MP: 2/10
  4445 | D:5      | Gained mutation: You are resistant to acid. (rCorr) [Yellow
                  | Draconian growth]
  4597 | D:5      | Reached skill level 7 in Transmutations
  4877 | D:5      | Found a deep blue altar of Sif Muna.
  5189 | D:5      | Found a runed translucent door.
  5190 | D:5      | Noticed Crazy Yiuf
  5285 | D:5      | Killed Crazy Yiuf
  5464 | D:5      | Noticed Menkaure
  5546 | D:5      | Reached skill level 8 in Transmutations
  5562 | D:5      | Killed Menkaure
  5562 | D:5      | Reached XP level 8. HP: 54/59 MP: 8/11
  5610 | D:5      | Learned a level 5 spell: Blade Hands
  5729 | D:6      | Reached skill level 9 in Transmutations
  5995 | D:6      | Found Aghecikk's Book Boutique.
  6119 | D:6      | Reached skill level 10 in Transmutations
  6528 | D:6      | Found a glowing silver altar of Zin.
  6833 | D:6      | Found a hazy altar of Hepliaklqana.
  7105 | D:6      | Reached XP level 9. HP: 71/71 MP: 6/12
  7469 | D:7      | Found a flagged portal.
  7476 | D:7      | Reached skill level 5 in Fighting
  7503 | Bailey   | Entered a bailey
  7785 | D:7      | Found a staircase to the Ecumenical Temple.
  7814 | Temple   | Entered the Ecumenical Temple
  7983 | Temple   | Became a worshipper of Ru the Awakened
  8737 | D:8      | Noticed a two-headed ogre
  8992 | D:8      | Found Vepsod's Antique Weapon Shop.
  8999 | D:8      | Bought an ichor-stained arbalest for 180 gold pieces
  9002 | D:8      | Noticed a two-headed ogre
  9017 | D:8      | Killed a two-headed ogre
  9190 | D:8      | Reached XP level 10. HP: 77/88 MP: 7/13
  9287 | D:8      | Found a blossoming altar of Fedhas.
  9430 | D:8      | Killed a two-headed ogre
  9876 | D:8      | Cast into level 1 of the Abyss (orc wizard)
 10010 | Abyss:1  | Noticed a large abomination
 10029 | Abyss:1  | Noticed a thrashing horror
 10030 | Abyss:1  | Demolished by a large abomination

Levels and vault maps discovered:
D:1:      minmay_arrival_shoal_huts, layout_basic, minmay_pentomino_x2
D:2:      layout_basic
D:3:      layout_basic, first_ration
D:4:      minmay_wonky_spiral, layout_basic,
          chequers_temple_overflow_statue_of_worship,
          hangedman_decor_diamond_cutter, okawaru_ov_weapons_minmay
D:5:      layout_basic, basic_altar, uniq_eustachio, uniq_menkaure,
          uniq_crazy_yiuf_cottage
D:6:      layout_cave_pods, zin_treasury, lemuel_round_altar, serial_shops,
          shop_statue
D:7:      minmay_angry_zag, layout_loops_ring, minmay_temple_entry_stoned_glass,
          enter_bailey_6, minivault_25
D:8:      layout_basic, fedhas_ov_isle_minmay, serial_shops,
          nicolae_shop_overgrown_old_shop
D:9:      layout_roguey, kennysheep_mini, grunt_lair_entry_orc_guard_hut
Temple:   regret_index_temple_sphere_string
Abyss:1

Skill      XL: |  1  2  3  4  5  6  7  8  9 10 |
---------------+-------------------------------+-----
Unarmed Combat | 4 5 7 9 |  9.0
Transmutations | 4 6 8 10 | 10.5
Fighting       | 3 7 8 |  8.4
Dodging        | |  1.7
Spellcasting   | |  2.0

Action                   |  1- 3 |  4- 6 |  7- 9 | 10-12 || total
-------------------------+-------+-------+-------+-------++-------
Melee: Unarmed           |   132 |   207 |   284 |    47 ||   670
       Kick              |     9 |    17 |     2 |       ||    28
       Punch             |     3 |       |     6 |     1 ||    10
       Tailslap          |    12 |    13 |    31 |     4 ||    60
       Headbutt          |     2 |     5 |     4 |       ||    11
Throw: Javelin           |       |       |     2 |       ||     2
 Cast: Beastly Appendage |    10 |    16 |     4 |       ||    30
       Sticks to Snakes  |     2 |     6 |    14 |     6 ||    28
       Spider Form       |       |     3 |     1 |       ||     4
       Blade Hands       |       |       |    19 |     7 ||    26
 Abil: Breathe Acid      |       |       |     7 |     1 ||     8
  Use: Potion            |       |     1 |       |       ||     1
       Scroll            |       |       |     2 |       ||     2
 Stab: Sleeping          |       |     2 |       |       ||     2
       Distracted        |       |     1 |     1 |     1 ||     3
  Eat: Chunk             |     1 |     9 |    24 |     5 ||    39
       Ration            |       |     1 |       |     1 ||     2
Armor: Skin              |    48 |    46 |    98 |    24 ||   216
Dodge: Dodged            |   101 |   123 |   186 |    28 ||   438

Table legend:
 A = Non-vault XP
 B = Vault XP
 C = Vault XP percentage of total XP
 D = Non-vault monster count
 E = Vault monster count
 F = Vault count percentage of total count
                 A         B        C        D         E       F
            +---------+---------+-------+---------+---------+-------
      Total |    6779 |     609 |   8.2 |     189 |       9 |   4.5
            +---------+---------+-------+---------+---------+-------
        D:1 |      70 |       0 |   0.0 |      34 |       0 |   0.0
        D:2 |     132 |       0 |   0.0 |      31 |       0 |   0.0
        D:3 |      27 |       0 |   0.0 |       9 |       0 |   0.0
        D:4 |     301 |      35 |  10.4 |      13 |       1 |   7.1
        D:5 |     518 |     382 |  42.4 |      17 |       3 |  15.0
        D:6 |    1631 |       0 |   0.0 |      32 |       0 |   0.0
        D:7 |     867 |     192 |  18.1 |      15 |       5 |  25.0
        D:8 |    2427 |       0 |   0.0 |      32 |       0 |   0.0
        D:9 |     311 |       0 |   0.0 |       3 |       0 |   0.0
    Abyss:1 |     495 |       0 |   0.0 |       3 |       0 |   0.0
            +---------+---------+-------+---------+---------+-------
